 Dungeon Crawl Stone Soup version 0.27-a0-29-g2d0a2396b0 (webtiles) character file.

Game seed: 13160313360013392996

248 funkygono the Gusty (level 5, -4/40 HPs)
             Began as a Draconian Air Elementalist on Jan 3, 2021.
             Was an Initiate of Vehumet.
             Slain by a worm (8 damage)
             ... on level 4 of the Dungeon.
             The game lasted 00:08:26 (3626 turns).

funkygono the Gusty (Draconian Air Elementalist)    Turns: 3626, Time: 00:08:26

Health: -4/40      AC:  5    Str: 10    XL:     5   Next: 86%
Magic:  3/10       EV: 13    Int: 16    God:    Vehumet [......]
Gold:   175        SH:  0    Dex: 16    Spells: 5/11 levels left

rFire    . . .     SeeInvis +   f - +1 mace of Disaster {vorpal, rC- rN+++ Dex+4 SInv} (curse)
rCold    x . .     Faith    .   (no shield)
rNeg     + + +     Spirit   .   (armour unavailable)
rPois    .         Reflect  .   (helmet restricted)
rElec    .         Harm     .   (no cloak)
rCorr    .         Rampage  .   (no gloves)
Will     .....                  (no boots)
Stlth    ++........             (no amulet)
HPRegen  0.13/turn              p - ring of stealth
MPRegen  0.12/turn              (no ring)

@: lethally poisoned (-4 -> -6), very slow
A: unfitting armour, cold-blooded, AC +5
a: Renounce Religion


You were on level 4 of the Dungeon.
You worshipped Vehumet.
Vehumet was noncommittal.
You visited 2 branches of the dungeon, and saw 6 of its levels.

You collected 175 gold pieces.

Inventory:

Hand Weapons
 e - a +0 mace
 f - the cursed +1 mace of Disaster (weapon) {vorpal, rC- rN+++ Dex+4 SInv}
   (You found it on level 4 of the Dungeon)

   It inflicts extra damage upon your enemies.
   It affects your dexterity (+4).
   It makes you vulnerable to cold.
   It renders you almost immune to negative energy.
   It lets you see invisible.
   It has a curse placed upon it.
 l - a +5 mace of holy wrath
Jewellery
 p - a ring of stealth (left hand)
Scrolls
 a - 2 scrolls of remove curse
 i - a scroll of fog
 k - a scroll of noise {unknown}
 m - a scroll of immolation {unknown}
 n - a scroll of magic mapping
Potions
 c - a potion of curing
 d - a potion of might
 g - a potion of ambrosia
 h - a potion of resistance
 j - a potion of haste {unknown}
 o - a potion of degeneration {unknown}


   Skills:
 + Level 1.1 Fighting
 + Level 0.3 Maces & Flails
 * Level 2.2 Dodging
 + Level 2.0 Stealth
 * Level 3.5 Spellcasting
 * Level 2.4 Conjurations
 * Level 4.6 Air Magic


You had 5 spell levels left.
You knew the following spells:

 Your Spells              Type           Power        Failure   Level
a - Shock                 Conj/Air       56%          4%          1
b - Swiftness             Air            17%          4%          2
c - Static Discharge      Conj/Air       14%          13%         3

Your spell library contained the following spells:

 Spells                   Type           Power        Failure   Level
 Airstrike                Air            8%           26%         4
 Lightning Bolt           Conj/Air       7%           75%         5


Dungeon Overview and Level Annotations

Branches:
Dungeon (5/15)             Temple (1/1) D:4

Altars:
Dithmenos
Fedhas
Gozag
Kikubaaqudgha
Ru
Trog
Vehumet
Jiyva


Innate Abilities, Weirdness & Mutations

Your plain brown scales are hard. (AC +5)
You cannot fit into any form of body armour.
You are cold-blooded and may be slowed by cold attacks.


Message History

Casting: Shock (safe; 4% risk of failure)
Confirm with . or Enter, or press ? or * to list all spells.
Aiming: Shock (safe; 4% risk of failure)
Press: ? - help, Shift-Dir - straight line, f - worm
Aim: a worm (moderately wounded, 10% to evade)
The zap hits the worm.
The worm is severely wounded.
You feel sick. The worm barely misses you.
Your unstable footing causes you to fumble your attack.
You feel sick.
Your unstable footing causes you to fumble your attack.
The worm splashes around in the water.
You thump the worm!
You kill the worm!
Vehumet accepts your kill.
You feel sick. The worm closely misses you.
The worm splashes around in the water.
The worm bites you!
You die...

#...†.....#
#...##.##.#
....#.#.$##.#
....#....≈≈#
....#...≈≈≈#
....#....#≈###
........≈≈w#≈≈
....#...≈#w#≈########
...#..≈≈≈≈#≈≈≈w@##≈#
## #...≈#≈#≈#≈#w≈≈≈#
#...≈#≈#≈#≈######
..#...#≈≈≈#≈≈ #.#..
######## ##


You could see 2 worms.

Vanquished Creatures
  A bullfrog zombie (D:5)
  A hound (D:4)
  An iguana (D:4)
  Terence (D:2)
  A worker ant (D:4)
  4 adders
  An ufetubus (D:5)
  4 worms
  3 dart slugs
  2 leopard geckos (D:1)
  An orc (D:4)
  2 giant cockroaches
  10 goblins
  5 hobgoblins
  3 kobolds
  A quokka (D:3)
  3 ball pythons (D:2)
  6 bats
  4 frilled lizards
  A leopard gecko skeleton (D:5)
  4 rats
59 creatures vanquished.

Vanquished Creatures (others)
  9 plants (D:2)
9 creatures vanquished.

Grand Total: 68 creatures vanquished

Notes
Turn   | Place    | Note
-------+----------+-------------------------------------------
     0 | D:1      | funkygono the Draconian Air Elementalist began the quest
                  | for the Orb.
     0 | D:1      | Reached XP level 1. HP: 14/14 MP: 3/3
   336 | D:1      | Reached XP level 2. HP: 19/20 MP: 0/5
   517 | D:1      | Learned a level 2 spell: Swiftness
  1168 | D:2      | Reached XP level 3. HP: 27/27 MP: 4/6
  1217 | D:2      | Learned a level 3 spell: Static Discharge
  1251 | D:2      | Found a shadowy altar of Dithmenos.
  2032 | D:2      | Noticed Terence
  2062 | D:2      | Killed Terence
  2063 | D:2      | Reached XP level 4. HP: 9/34 MP: 0/8
  2143 | D:2      | Reached skill level 4 in Air Magic
  2623 | D:3      | Found an ancient bone altar of Kikubaaqudgha.
  2647 | D:3      | You fall into a shaft and drop 2 floors!
  2647 | D:5      | Entered Level 5 of the Dungeon
  2786 | D:5      | Found an opulent altar of Gozag.
  2798 | D:5      | Found a bloodstained altar of Trog.
  2868 | D:4      | Reached XP level 5. HP: 18/39 MP: 3/9
  2923 | D:4      | Got an ichor-stained mace
  2924 | D:4      | Identified the cursed +1 mace of Disaster {vorpal, rC-
                  | rN+++ Dex+4 SInv} (You found it on level 4 of the Dungeon)
  3050 | D:4      | Found a staircase to the Ecumenical Temple.
  3092 | Temple   | Entered the Ecumenical Temple
  3139 | Temple   | Became a worshipper of Vehumet
  3609 | D:4      | HP: 1/39 [adder (1)]
  3619 | D:4      | Reached skill level 1 in Fighting
  3626 | D:4      | Slain by a worm

Illustrated notes

Levels and vault maps discovered:
D:1:      sevenhm_arrival_forest_fort_large_4, layout_rooms, hex_intersection,
          kennysheep_minor_cross
D:2:      layout_loops_corners, nicolae_dithmenos_shadow_blocks, serial_bayou,
          serial_bayou_pond_e, serial_bayou_lagoon_b, serial_bayou_pond_b,
          serial_bayou_crossing, uniq_terence
D:3:      layout_loops_ring, general_overflow_altar, overflow_temple_1_default,
          overflow_temple_1_default, uniq_jessica, uniq_natasha
D:4:      layout_loops_cross, temple_hall, lightli_sewer_entry_pipes, uniq_ijyb,
          uniq_pikel
D:5:      layout_loops_corners, chequers_temple_overflow_minitemple,
          grunt_temple_overflow_open, uniq_crazy_yiuf_cottage
Temple:   pf_slimified_temple

Skill      XL: |  1  2  3  4  5 |
---------------+----------------+-----
Air Magic      | 4 |  4.6
Dodging        | 2 |  2.2
Spellcasting   | 3 |  3.5
Conjurations   | 2 |  2.4
Stealth        | 2 |  2.0
Fighting       | 1 |  1.1
Maces & Flails | |  0.3

Action                   |  1- 3 |  4- 6 || total
-------------------------+-------+-------++-------
Melee: Mace              |    19 |    39 ||    58
       Tailslap          |     1 |     7 ||     8
 Cast: Shock             |    87 |    65 ||   152
       Static Discharge  |       |     1 ||     1
  Use: Scroll            |     7 |     3 ||    10
       Potion            |       |     2 ||     2
Armor: Skin              |     8 |    14 ||    22
Dodge: Dodged            |    17 |    61 ||    78

Table legend: (Time is in decaauts)
 A = Elapsed time spent in this place.
 B = Non-inter-level travel time spent in this place.
 C = Inter-level travel time spent in this place.
 D = Time resting spent in this place.
 E = Time spent auto-exploring this place.
 F = Levels seen in this place.
 G = Mean time per level.
                   A        B        C        D        E       F      G
               +--------+--------+--------+--------+--------+-----+--------+
         Total |   3687 |   3622 |     65 |    468 |   2581 |   6 |  614.5 |
       Dungeon |   3635 |   3570 |     65 |    468 |   2538 |   5 |  727.0 |
        Temple |     51 |     51 |      0 |      0 |     43 |   1 |   51.0 |
               +--------+--------+--------+--------+--------+-----+--------+

Top non-repeatable levels by time:
     D:2: 1507 daAuts
     D:1: 948 daAuts
     D:4: 744 daAuts
     D:3: 228 daAuts
     D:5: 206 daAuts
  Temple: 51 daAuts
